Map: Beckett Industries LE

Players

DPGZest (Zest) - Winner!

  • Race: Protoss Protoss

DPGDark (Dark)

  • Race: Zerg Zerg
  • League: Master

Event: TSL 7

VOD

Have the link to the VOD?

Description

Time

  • Played on: June 26, 2021, 2:13 p.m.
  • Length: 38:34

All games in this series

Show
View Real Time Build Order
Export as new Build Order

DPGZest Protoss - Winner!

Build Orders: Zealot Archon 

Get SALT Encoding   

  12  0:00  Probe  
  13  0:12  Probe  
  14  0:17  Pylon  
  14  0:24  Probe (Chrono Boost)  
  15  0:36  Probe (Chrono Boost)  
  15  0:39  Gateway  
  16  0:45  Probe (Chrono Boost)  
  16  0:49  Assimilator  
  17  0:51  Probe  
  18  1:03  Probe  
  19  1:10  Gateway  
  19  1:21  Forge  
  19  1:24  Zealot (Chrono Boost)  
  21  1:34  Cybernetics Core  
  21  1:43  Zealot  
  21  1:45  Pylon  
  23  1:58  Photon Cannon  
  23  2:08  Adept (Chrono Boost)  
  27  2:19  Adept (Chrono Boost)  
  27  2:26  Probe  
  28  2:31  Adept  
  30  2:42  Pylon  
  30  2:44  Assimilator  
  30  2:48  Shield Battery  
  30  2:56  Probe  
  31  3:11  Probe  
  31  3:12  Warp Gate  
  32  3:19  Stalker  
  34  3:23  Probe  
  35  3:35  Probe  
  35  3:37  Nexus  
  36  3:47  Twilight Council  
  36  3:48  Probe  
  37  4:02  Robotics Facility  
  37  4:06  Probe  
  36  4:18  Probe, Resonating Glaives (Chrono Boost)  
  37  4:30  Probe  
  38  4:37  Gateway  
  38  4:38  Gateway  
  38  4:46  Warp Prism (Chrono Boost)  
  40  4:58  Dark Shrine  
  40  5:01  Probe  
  40  5:03  Probe  
  42  5:11  Adept  
  42  5:12  Adept  
  46  5:14  Probe  
  46  5:20  Pylon  
  47  5:26  Probe  
  48  5:38  Adept x4  
  56  5:45  Pylon  
  57  6:02  Adept x3  
  57  6:03  Adept  
  64  6:05  Pylon  
  64  6:06  Probe  
  63  6:27  Dark Templar x2  
  63  6:28  Probe  
  66  6:35  Probe  
  55  6:40  Probe  
  55  6:45  Dark Templar  
  58  6:47  Probe  
  58  6:53  Probe  
  60  7:00  Probe  
  60  7:01  Pylon  
  61  7:02  Assimilator  
  61  7:04  Assimilator  
  59  7:18  Probe x2  
  59  7:21  Pylon  
  61  7:25  Dark Templar x2  
  65  7:30  Probe  
  65  7:31  Archon x2  
  66  7:41  Nexus  
  66  7:42  Pylon  
  66  7:44  Observer (Chrono Boost)  
  67  7:47  Gateway  
  67  7:48  Gateway  
  67  7:50  Gateway  
  67  7:53  Gateway  
  67  7:59  Gateway  
  67  8:04  Protoss Ground Weapons Level 1 (Chrono Boost)  
  67  8:10  Charge (Chrono Boost)  
  67  8:12  Adept x4  
  75  8:15  Probe x2  
  77  8:42  Dark Templar  
  77  8:43  Dark Templar x2  
  77  8:45  Pylon  
  83  8:55  Archon x2  
  83  9:01  Zealot x4  
  83  9:02  Zealot x2  
  95  9:04  Probe  
  95  9:05  Probe  
  95  9:06  Probe  
  98  9:17  Zealot, Dark Templar x2  
  104  9:25  Zealot x2  
  104  9:29  Zealot  
  104  9:30  Observer  
  110  9:38  Archon  
  110  9:47  Shield Battery  
  110  9:48  Pylon  
  110  10:09  Zealot x9  
  117  10:31  Zealot  
  117  10:32  Zealot x8  
  89  11:00  Zealot  
  89  11:01  Zealot x8  
  97  11:05  Immortal (Chrono Boost)  
  99  11:12  Probe x3  
  102  11:23  Templar Archives  
  102  11:24  Sentry x3  
  108  11:28  Protoss Ground Armor Level 1 (Chrono Boost)  
  108  11:29  Zealot  
  108  11:30  Probe x3  
  113  11:35  Immortal (Chrono Boost)  
  117  11:52  Pylon  
  117  11:54  Pylon  
  117  12:00  High Templar x6  
  117  12:01  Zealot x2  
  133  12:04  Observer, Archon x2  
  133  12:05  Archon  
  133  12:10  Pylon  
  133  12:13  Photon Cannon  
  134  12:32  Dark Templar  
  134  12:33  Dark Templar x2  
  134  12:34  Zealot x5, Dark Templar  
  152  12:43  Archon  
  152  12:44  Archon  
  150  13:03  Blink (Chrono Boost)  
  139  13:13  Observer  
  139  13:19  Probe  
  139  13:21  Pylon  
  139  13:22  Stalker x2  
  139  13:23  Stalker x4  
  139  13:26  Assimilator  
  151  13:27  Protoss Ground Weapons Level 2 (Chrono Boost), Assimilator  
  151  13:29  Probe x2  
  153  13:36  Nexus  
  153  13:40  Zealot  
  155  13:55  Immortal (Chrono Boost)  
  155  13:57  Pylon  
  155  13:58  Probe x3  
  158  14:21  Stalker x2  
  158  14:22  Stalker x5  
  172  14:25  Pylon  
  172  14:31  Pylon  
  172  14:33  Observer (Chrono Boost)  
  172  14:34  Pylon  
  163  14:46  Warp Prism (Chrono Boost)  
  161  15:05  Zealot x9  
  165  15:20  Probe x3  
  165  15:21  Probe  
  169  15:28  Stalker x9  
  187  15:35  Robotics Bay  
  175  15:52  Stalker  
  175  15:53  Stalker x4  
  177  16:04  Stalker  
  177  16:05  Stalker x3  
  156  16:18  Stalker x2  
  156  16:19  Stalker x3  
  160  16:30  Disruptor (Chrono Boost)  
  152  16:32  Stalker x2  
  152  16:33  Stalker  
  161  16:48  Stalker x5  
  161  16:49  Stalker  
  173  17:02  Disruptor (Chrono Boost)  
  168  17:20  Zealot  
  168  17:21  Zealot x8  
  160  17:28  Disruptor (Chrono Boost)  
  122  17:41  Zealot x8  
  132  17:54  Warp Prism (Chrono Boost)  
  134  18:03  High Templar x6  
  134  18:04  Zealot x2  
  148  18:23  Disruptor (Chrono Boost)  
  148  18:26  Archon x3  
  149  18:32  Stalker  
  151  18:36  Assimilator  
  151  18:37  Assimilator  
  151  18:43  Stalker x2  
  140  18:59  Observer (Chrono Boost)  
  141  19:06  Assimilator  
  141  19:13  Zealot x8  
  157  19:21  Nexus  
  157  19:24  Gravitic Boosters (Chrono Boost)  
  157  19:26  Observer (Chrono Boost)  
  158  19:42  Nexus  
  158  19:43  Pylon  
  158  19:45  Pylon  
  158  19:46  Protoss Air Weapons Level 1 (Chrono Boost)  
  158  19:52  Stargate  
  156  20:07  Zealot x6  
  156  20:08  Zealot x2  
  150  20:25  Stargate  
  142  20:31  Zealot  
  142  20:32  Zealot x7  
  156  20:37  Observer (Chrono Boost)  
  156  20:38  Observer  
  156  20:40  Fleet Beacon  
  157  20:45  Stargate  
  157  21:00  Psionic Storm  
  157  21:05  Assimilator  
  157  21:08  Assimilator  
  157  21:13  Disruptor (Chrono Boost)  
  160  21:20  High Templar x2  
  164  21:27  Carrier x3 (Chrono Boost)  
  182  21:37  Forge  
  182  21:48  High Templar  
  182  21:49  High Templar  
  185  22:02  Protoss Air Weapons Level 2 (Chrono Boost)  
  185  22:03  Observer  
  185  22:07  Gateway x2  
  185  22:11  Photon Cannon, Protoss Ground Weapons Level 3 (Chrono Boost)  
  185  22:13  Photon Cannon  
  185  22:15  Photon Cannon  
  185  22:16  Photon Cannon  
  185  22:19  Photon Cannon  
  185  22:20  Shield Battery  
  185  22:27  Carrier (Chrono Boost)  
  185  22:28  Observer  
  190  22:44  Carrier (Chrono Boost)  
  183  23:03  Carrier (Chrono Boost)  
  189  23:10  Cybernetics Core  
  189  23:25  Nexus, Mothership (Chrono Boost)  
  189  23:32  Pylon  
  197  23:42  Assimilator  
  197  23:47  Assimilator  
  197  23:56  Protoss Air Armor Level 1 (Chrono Boost)  
  197  23:57  Pylon  
  197  24:03  Gravitic Drive (Chrono Boost)  
  197  24:04  Observer x2 (Chrono Boost), Pylon  
  198  24:13  Pylon  
  198  24:14  Photon Cannon  
  196  24:31  Protoss Air Weapons Level 3 (Chrono Boost)  
  189  24:42  Carrier x3 (Chrono Boost)  
  183  25:13  Photon Cannon  
  183  25:14  Warp Prism (Chrono Boost)  
  183  25:18  High Templar x3  
  183  25:20  High Templar  
  175  25:32  Protoss Shields Level 1 (Chrono Boost)  
  175  25:43  Observer (Chrono Boost)  
  172  26:03  Dark Templar  
  172  26:25  High Templar x4, Immortal (Chrono Boost)  
  176  26:31  Archon x2  
  184  26:58  Observer  
  139  27:25  Carrier x3 (Chrono Boost)  
  153  27:39  Zealot x5  
  163  27:47  Immortal (Chrono Boost)  
  167  27:52  Protoss Shields Level 2 (Chrono Boost)  
  167  28:05  Protoss Air Armor Level 2 (Chrono Boost)  
  167  28:21  Oracle, Dark Templar  
  156  29:08  High Templar x2  
  156  29:09  High Templar x2  
  164  29:13  High Templar  
  164  29:14  High Templar  
  164  29:15  Zealot x2  
  164  29:16  Zealot x2  
  176  29:35  Observer  
  174  29:40  Tempest x2 (Chrono Boost)  
  178  29:48  Zealot  
  178  29:50  Observer  
  181  30:09  Tempest (Chrono Boost)  
  181  30:13  Tempest (Chrono Boost)  
  186  30:16  Zealot  
  186  30:17  Zealot x3  
  199  30:40  Observer  
  199  31:00  Nexus  
  199  31:02  Pylon  
  195  31:27  Photon Cannon  
  195  31:28  Shield Battery, Dark Templar  
  190  31:41  Shield Battery  
  188  32:07  Observer  
  188  32:11  Observer (Chrono Boost)  
  187  32:33  Shield Battery  
  187  32:35  Shield Battery  
  186  32:49  Assimilator  
  186  32:50  Photon Cannon  
  186  32:55  Assimilator  
  186  33:02  Mothership (Chrono Boost)  
  186  33:05  Unknown  
  190  33:16  Photon Cannon  
  190  33:19  Photon Cannon  
  190  33:21  Photon Cannon  
  190  33:24  Photon Cannon  
  190  33:33  Dark Templar  
  190  33:34  Pylon, Dark Templar  
  192  33:41  Archon  
  194  34:00  Photon Cannon  
  194  34:02  Photon Cannon  
  194  34:17  High Templar  
  194  34:18  High Templar x2  
  200  34:25  Protoss Air Armor Level 3  
  200  35:14  Oracle  
  200  35:31  Observer  
  165  35:57  Observer  
  166  36:09  Zealot x4  
  166  36:10  Zealot x6  
  166  36:36  High Templar  
  166  36:37  High Templar x6, Zealot x3  
  176  36:51  Observer  
  170  36:57  Observer  
  170  37:08  Immortal (Chrono Boost)  
  171  37:34  Observer (Chrono Boost)  
  164  37:50  Dark Templar  
  160  37:54  Zealot x6  
  168  38:01  Dark Templar  
  158  38:21  Archon  
Show
View Real Time Build Order
Export as new Build Order

DPGDark Zerg 

Build Orders: Pool First 

Get SALT Encoding   

  12  0:17  Spawning Pool  
  11  0:21  Drone  
  11  0:26  Drone  
  13  0:31  Drone  
  14  0:43  Overlord  
  14  1:04  Zergling x4  
  16  1:05  Zergling x2  
  17  1:18  Hatchery  
  17  1:20  Zergling x2  
  17  1:29  Drone  
  18  1:37  Drone  
  19  1:47  Drone  
  20  2:00  Hatchery  
  19  2:02  Drone  
  20  2:14  Queen  
  22  2:16  Overlord  
  22  2:30  Zergling x2  
  22  2:36  Drone  
  25  2:40  Drone  
  25  2:42  Zergling x2  
  27  2:45  Drone  
  28  3:02  Drone  
  26  3:06  Queen  
  26  3:07  Zergling x2  
  29  3:14  Queen, Zergling x4  
  32  3:24  Drone  
  33  3:32  Drone  
  35  3:34  Drone  
  35  3:36  Overlord  
  35  3:41  Hatchery  
  34  3:42  Zergling x2  
  35  3:56  Drone x6  
  35  3:58  Drone  
  42  4:03  Drone  
  43  4:11  Overlord  
  43  4:19  Drone x2  
  43  4:29  Queen x2  
  43  4:30  Drone x4  
  51  4:43  Extractor  
  51  4:44  Extractor, Spore Crawler  
  51  4:45  Drone x3, Roach Warren  
  51  4:52  Zergling x2  
  51  4:53  Drone x3  
  54  5:01  Drone  
  54  5:05  Queen  
  57  5:12  Overlord  
  57  5:14  Spore Crawler  
  57  5:18  Overlord  
  57  5:21  Overlord  
  56  5:22  Zergling x2  
  57  5:31  Roach  
  57  5:32  Roach x2  
  63  5:37  Zergling x10, Roach  
  70  5:47  Extractor  
  70  5:48  Roach x2  
  70  5:49  Zergling x6  
  76  5:58  Drone x4  
  76  6:01  Metabolic Boost  
  76  6:03  Zergling x2  
  81  6:05  Overlord  
  81  6:07  Overlord  
  81  6:09  Spore Crawler  
  78  6:24  Roach x3  
  81  6:28  Spore Crawler  
  81  6:31  Zergling x14  
  79  6:35  Zergling x2  
  79  6:36  Zergling x2  
  79  6:38  Spore Crawler  
  72  6:40  Zergling x2  
  68  6:53  Drone x2  
  67  6:55  Drone  
  56  7:17  Drone x2  
  56  7:22  Drone x2  
  60  7:27  Drone x2  
  60  7:29  Drone  
  63  7:33  Drone  
  66  7:37  Ravager x3  
  66  7:38  Ravager  
  66  7:41  Drone x2  
  71  7:44  Drone  
  71  7:46  Drone  
  71  7:48  Drone  
  71  7:51  Drone x2  
  75  7:54  Drone  
  75  7:55  Drone  
  75  7:57  Drone  
  78  7:59  Drone  
  78  8:00  Drone  
  78  8:01  Drone  
  81  8:09  Drone  
  81  8:10  Drone x4  
  85  8:16  Drone x4  
  89  8:25  Drone  
  90  8:28  Lair  
  90  8:31  Overlord  
  87  8:35  Drone x2  
  87  8:37  Overlord  
  87  8:39  Overlord  
  87  8:41  Overlord  
  89  8:43  Overlord  
  89  8:51  Drone x7  
  89  8:54  Drone  
  97  8:56  Drone  
  97  8:57  Drone x3  
  97  9:00  Extractor  
  97  9:02  Roach x3  
  106  9:07  Roach x3  
  112  9:14  Roach x3  
  112  9:16  Extractor  
  116  9:18  Extractor  
  116  9:21  Evolution Chamber  
  116  9:23  Roach x4  
  122  9:28  Roach x3  
  127  9:36  Overlord  
  127  9:37  Roach x2  
  125  9:39  Roach  
  125  9:40  Roach  
  125  9:44  Overlord  
  129  9:47  Overlord  
  129  9:49  Overlord  
  129  9:51  Overlord  
  129  9:56  Roach x4  
  137  10:04  Roach x2  
  137  10:06  Roach x3  
  146  10:16  Roach x3  
  146  10:20  Roach x2  
  155  10:25  Roach  
  157  10:30  Ravager x2  
  157  10:31  Ravager x2  
  157  10:32  Roach x2  
  157  10:35  Roach  
  162  10:41  Roach x2  
  160  10:48  Spawning Pool  
  132  11:05  Drone  
  133  11:13  Drone  
  133  11:14  Drone x7  
  140  11:19  Hatchery  
  140  11:23  Drone x3  
  142  11:34  Lair  
  142  11:44  Extractor x2  
  140  11:48  Drone x2, Roach Warren, Zerg Missile Weapons Level 1  
  140  11:53  Zergling x14  
  148  11:59  Zergling x2  
  148  12:00  Zergling x4  
  151  12:10  Drone x2  
  151  12:14  Drone  
  151  12:15  Drone  
  155  12:26  Drone x2  
  155  12:27  Drone x3  
  155  12:28  Ravager x4  
  155  12:29  Hatchery  
  163  12:32  Glial Reconstitution  
  163  12:34  Overseer  
  162  12:38  Roach x3  
  168  12:54  Zergling x2  
  166  13:05  Roach x7  
  169  13:14  Overlord  
  168  13:20  Overlord x6  
  168  13:28  Hydralisk Den  
  168  13:31  Roach  
  168  13:34  Extractor  
  168  13:42  Overlord  
  168  13:43  Zerg Missile Weapons Level 2  
  168  13:52  Overlord  
  167  13:56  Hydralisk x8  
  167  13:57  Hydralisk x3  
  167  13:58  Grooved Spines  
  189  14:06  Hydralisk  
  191  14:15  Hydralisk x2  
  191  14:16  Hydralisk  
  187  14:20  Hydralisk x5  
  193  14:27  Roach x3  
  199  14:42  Hatchery  
  195  14:48  Roach x3  
  178  15:07  Hydralisk x8  
  178  15:09  Muscular Augments  
  178  15:11  Hydralisk  
  192  15:16  Hydralisk  
  192  15:17  Hydralisk x2  
  192  15:18  Roach  
  192  15:21  Overseer  
  200  15:25  Roach x2  
  198  15:29  Roach  
  200  15:36  Roach  
  196  15:44  Roach x3  
  200  15:54  Overseer  
  200  15:59  Zerg Ground Armor Level 1  
  200  16:04  Roach  
  200  16:06  Roach  
  196  16:13  Roach x5  
  196  16:16  Roach x2  
  196  16:17  Roach  
  198  16:21  Roach x2  
  192  16:26  Roach  
  192  16:30  Roach  
  192  16:31  Overseer x2, Roach x3  
  200  16:37  Zergling x4  
  199  16:42  Pneumatized Carapace  
  193  17:06  Hydralisk x4, Lurker Den  
  196  17:18  Hydralisk x12  
  183  17:24  Roach x4  
  183  17:27  Roach  
  157  17:33  Hydralisk  
  137  17:38  Drone x2  
  137  17:40  Hydralisk x3  
  141  17:47  Hydralisk x2  
  139  17:52  Drone x2  
  139  17:53  Drone x2, Extractor x2  
  141  17:59  Drone, Infestation Pit  
  141  18:15  Lurker x4  
  141  18:19  Zergling x16  
  149  18:28  Roach x3  
  155  18:41  Hive  
  155  18:44  Hatchery  
  154  19:01  Overseer  
  154  19:02  Lurker x4  
  159  19:03  Lurker  
  159  19:08  Hatchery  
  158  19:10  Lurker x2  
  158  19:14  Zergling x14  
  158  19:16  Spore Crawler  
  166  19:21  Drone x2  
  167  19:36  Hydralisk x3  
  173  19:47  Lurker x4  
  177  19:54  Adaptive Talons  
  177  19:58  Drone  
  177  19:59  Drone x3, Extractor x2  
  165  20:16  Viper  
  165  20:25  Zerg Missile Weapons Level 3  
  165  20:26  Drone x4  
  169  20:28  Extractor  
  168  20:38  Queen  
  168  20:39  Overlord  
  170  20:50  Viper  
  170  20:51  Seismic Spines  
  170  20:52  Overlord  
  170  20:54  Drone  
  170  20:55  Spore Crawler  
  170  20:57  Spine Crawler  
  172  21:02  Drone  
  172  21:08  Drone x6  
  172  21:09  Spore Crawler  
  172  21:10  Spore Crawler  
  176  21:22  Viper  
  179  21:26  Lurker x2  
  179  21:27  Hatchery  
  179  21:46  Drone x6  
  185  21:52  Lurker x2  
  185  21:53  Lurker x2  
  189  22:04  Drone x2  
  191  22:13  Infestation Pit  
  191  22:14  Drone x3  
  189  22:48  Lurker x3  
  189  22:49  Lurker x2  
  189  22:51  Zergling x12  
  195  22:55  Spore Crawler  
  199  22:58  Pathogen Glands  
  199  22:59  Spore Crawler x2  
  199  23:03  Drone  
  188  23:07  Zerg Ground Armor Level 2  
  188  23:09  Zergling x4  
  188  23:12  Spore Crawler  
  189  23:13  Drone x2  
  189  23:14  Spine Crawler  
  189  23:15  Spore Crawler  
  189  23:18  Hydralisk  
  189  23:19  Hydralisk x4  
  199  23:25  Spore Crawler x2  
  199  23:26  Hydralisk  
  198  23:44  Spore Crawler x2  
  198  23:46  Spore Crawler  
  198  23:47  Spore Crawler  
  194  23:58  Hydralisk x3  
  193  24:34  Hydralisk x4  
  193  24:35  Hydralisk  
  187  25:08  Infestor x6  
  200  25:21  Drone  
  200  25:24  Zerg Ground Armor Level 3  
  200  25:26  Spore Crawler  
  200  25:27  Spore Crawler  
  200  25:28  Spore Crawler x3  
  195  25:29  Spore Crawler  
  195  25:30  Spore Crawler x3  
  195  25:31  Hydralisk, Spore Crawler  
  195  25:32  Hydralisk x4  
  200  25:36  Overseer  
  200  25:39  Spore Crawler  
  200  25:40  Spore Crawler  
  200  25:42  Spore Crawler  
  189  25:43  Infestor  
  189  25:46  Queen x2  
  189  25:47  Drone x3  
  189  25:48  Drone  
  199  26:04  Hatchery, Neural Parasite  
  198  26:05  Burrow  
  198  26:18  Spore Crawler  
  198  26:19  Spore Crawler  
  198  26:24  Overlord x3  
  198  26:25  Overseer x4  
  196  26:29  Hydralisk x3  
  199  26:41  Spore Crawler x2  
  199  26:42  Spore Crawler  
  199  26:47  Hydralisk x2  
  184  27:12  Drone x12  
  177  27:25  Hydralisk x2  
  177  27:26  Hydralisk x7  
  186  27:36  Infestor x2  
  176  27:37  Spore Crawler  
  176  27:38  Drone x2, Extractor  
  176  27:47  Lurker x2  
  178  27:53  Hydralisk x2  
  178  27:54  Hydralisk  
  184  28:01  Hydralisk x2  
  188  28:11  Hatchery  
  187  28:21  Overseer  
  187  28:25  Hydralisk x3  
  194  28:36  Hatchery  
  194  28:39  Hydralisk x3  
  137  28:59  Hydralisk x4  
  138  29:05  Drone x4  
  143  29:12  Infestor  
  143  29:16  Drone x3  
  148  29:29  Infestor  
  150  29:36  Drone x3  
  150  29:37  Drone  
  154  29:42  Hydralisk x3  
  160  29:52  Queen x2  
  161  30:13  Infestor x2  
  165  30:29  Lurker x2  
  165  30:35  Hatchery  
  166  30:36  Hydralisk x2  
  170  30:50  Hydralisk x3  
  170  30:56  Drone x3  
  179  31:03  Infestor  
  181  31:04  Drone x2  
  181  31:05  Drone x2  
  182  31:28  Infestor  
  184  31:34  Drone x5, Hatchery, Extractor  
  184  31:37  Extractor  
  186  31:43  Spore Crawler  
  183  31:56  Infestor  
  185  32:08  Hydralisk x2  
  189  32:17  Drone x2  
  191  32:43  Infestor  
  195  32:47  Hydralisk x3  
  197  33:07  Spore Crawler  
  196  33:19  Infestor x4  
  196  33:25  Hydralisk x2  
  200  33:30  Spore Crawler  
  199  33:40  Drone x3  
  199  33:41  Drone  
  200  33:45  Spore Crawler  
  200  33:47  Spore Crawler  
  200  33:48  Spore Crawler x2  
  197  33:52  Spore Crawler  
  197  33:53  Spore Crawler  
  194  33:57  Lurker x3  
  194  33:58  Lurker  
  198  34:05  Infestor  
  200  34:13  Spore Crawler x4  
  190  34:42  Spore Crawler  
  189  34:49  Hydralisk x5  
  199  34:55  Infestor x9  
  199  35:07  Infestor x9  
  196  35:26  Hydralisk  
  196  35:27  Hydralisk x5  
  182  35:53  Hydralisk x6  
  182  35:54  Hydralisk x4  
  169  36:16  Hydralisk x5  
  169  36:17  Hydralisk x3  
  159  36:26  Hydralisk  
  159  36:27  Hydralisk x3  
  151  36:35  Hydralisk x2  
  139  36:49  Infestor x3  
  141  37:02  Lurker  
  141  37:08  Spore Crawler x2  
  141  37:10  Spore Crawler  
  139  37:22  Infestor  
  141  37:35  Hydralisk  
  141  37:36  Hydralisk  
  139  37:48  Overseer x2  
Tags
 
Add a new tag
Caveats
  • Supply blocks, unpowered buildings, or Contaminate may cause inaccurate times.
  • Supply counts are checked every 10 seconds.